Heat vs Bears
Created - April 16, 2023 at 22:24
Goals
|
Heat |
1 |
1 |
0 |
2 |
Bears |
1 |
5 |
3 |
9 |
|
Shots
|
Heat |
11 |
11 |
2 |
24 |
Bears |
4 |
18 |
19 |
41 |
|
1st period
1. Heat , Barclay Goodrow 15 (Philip Varone 12, Brandon Hickey 8) at 5:53
2. Bears , Nicolas Aube-Kubel 29 (Mikko Vainonen 24) at 14:04
Penalties :
Angelo Esposito (Her) for High sticking (Minor) at 0:51, Evgeny Svechnikov (Sto) for Hooking (Minor) at 0:56
2nd period
3. Heat , Matthew Nieto 43 (Frank Corrado 15, Victor Rask 71) at 5:51
4. Bears , Kerby Rychel 34 (Max Friberg 38) at 7:47
5. Bears , Joshua Leivo 14 (Mike Hoffman 27, Angelo Esposito 20) at 10:03
6. Bears , Angelo Esposito 11 (Mike Hoffman 28, Joey Laleggia 34) at 10:42
7. Bears , A.J. Jenks 27 (Nicolas Aube-Kubel 30, Jamie McGinn 14) at 13:48
8. Bears , Angelo Esposito 12 (Nicolas Aube-Kubel 31, Joey Laleggia 35) at 18:20
Penalties :
Rasmus Andersson (Sto) for Roughing (Minor) at 0:22, Joshua Leivo (Her) for Cross-checking (Minor) at 15:24
3rd period
9. Bears , Sam Carrick 28 (Kerby Rychel 40, Max Friberg 39) at 2:55
10. Bears , Austin Wuthrich 16 (Jamie McGinn 15) at 3:46
11. Bears , Kerby Rychel 35 (Max Friberg 40, Jean-Sebastien Dea 18) at 17:32
Penalties :
Evgeny Svechnikov (Sto) for Slashing (Minor) at 10:40
Goalie Stats
Michael Hutchinson (Sto), 19 saves from 24 shots - (0.792), L, 30-23-3, 46:56 minutes
Vitek Vanecek (Sto), 13 saves from 17 shots - (0.765), 13:04 minutes
Jake Allen (Her), 22 saves from 24 shots - (0.917), W, 19-20-4, 60:00 minutes
Players Stats for Heat
Player Name G A P +/- PIM S H SB GA TA FO MP PP MP PK MP
------------------------------------------------------------------------------------
Barclay Goodrow 1 0 1 0 0 1 5 0 0 0 1/2 15:25 0:54 1:11
Brandon Hickey 0 1 1 1 0 0 0 0 0 0 0/0 4:39 0:00 0:27
Chris Brown 0 0 0 -3 0 0 2 0 0 0 1/1 9:50 0:04 0:30
Dominik Masin 0 0 0 1 0 0 1 2 0 0 0/0 18:17 0:04 3:09
Eric Karlsson 0 0 0 -2 0 0 3 0 0 0 0/0 12:55 0:04 0:51
Erik Brannstrom 0 0 0 -1 0 0 0 0 0 1 0/0 20:03 0:42 0:38
Evgeny Svechnikov 0 0 0 -2 4 1 2 0 0 0 2/2 19:42 1:05 0:00
Frank Corrado 0 1 1 -6 0 1 3 1 0 2 0/0 24:15 1:18 1:35
Jesper Bratt 0 0 0 0 0 1 0 0 0 0 0/0 15:59 0:54 2:17
Mathieu Brodeur 0 0 0 -4 0 2 1 0 1 3 0/0 25:53 0:43 1:39
Matthew Nieto 1 0 1 -2 0 6 3 0 0 0 0/0 20:02 1:06 0:00
Nico Sturm 0 0 0 -3 0 2 2 0 0 0 1/3 10:35 0:00 0:50
Philip Varone 0 1 1 0 0 1 3 1 2 0 12/15 17:23 0:54 2:22
Rasmus Andersson 0 0 0 -5 2 2 0 1 2 0 0/0 25:26 1:18 0:38
Ryan Spooner 0 0 0 -2 0 1 0 2 0 0 1/4 12:19 0:00 0:05
Tage Thompson 0 0 0 -3 0 0 0 0 0 0 0/0 9:12 0:04 0:00
Trevor Carrick 0 0 0 -2 0 0 2 0 0 1 0/0 12:03 0:03 0:00
Victor Rask 0 1 1 -2 0 6 2 0 0 0 13/27 20:02 1:06 0:00
Players Stats for Bears
Player Name G A P +/- PIM S H SB GA TA FO MP PP MP PK MP
------------------------------------------------------------------------------------
A.J. Jenks 1 0 1 3 0 3 2 0 1 1 1/1 16:06 1:45 0:21
Angelo Esposito 2 1 3 2 2 3 1 0 0 0 2/5 13:13 0:05 0:34
Austin Wuthrich 1 0 1 0 0 2 1 0 0 0 0/0 8:23 0:00 0:00
Derek Forbort 0 0 0 3 0 3 1 0 0 0 0/0 20:04 1:18 0:46
Gianluca Curcuruto 0 0 0 0 0 2 0 2 0 0 0/0 13:20 0:00 0:00
Jamie McGinn 0 2 2 0 0 2 0 1 0 0 0/0 9:18 0:00 0:34
Jean-Sebastien Dea 0 1 1 2 0 1 2 0 0 0 2/9 16:48 1:45 0:34
Joey Laleggia 0 2 2 4 0 2 1 2 1 1 0/0 26:36 2:45 1:18
Joshua Leivo 1 0 1 1 2 2 1 0 0 0 0/0 12:07 0:00 0:00
Kerby Rychel 2 1 3 3 0 7 1 0 1 0 0/0 20:13 2:13 0:00
Max Friberg 0 3 3 3 0 2 1 0 1 1 0/0 21:37 2:13 1:09
Michael Prapavessis 0 0 0 0 0 1 0 1 0 1 0/0 13:20 0:00 0:00
Mike Hoffman 0 2 2 1 0 1 1 0 1 0 0/1 11:47 0:00 0:00
Mikko Vainonen 0 1 1 4 0 0 0 1 0 0 0/0 26:36 2:45 1:18
Nicolas Aube-Kubel 1 2 3 3 0 5 0 1 0 0 0/1 16:26 1:50 0:00
Sam Carrick 1 0 1 3 0 4 1 0 2 0 16/33 21:39 2:18 0:56
Tommy Vannelli 0 0 0 3 0 0 2 0 0 1 0/0 20:04 1:18 0:46
Vincent Dunn 0 0 0 0 0 1 0 0 0 0 2/4 8:23 0:00 0:00
3 Stars
1 - Kerby Rychel (Her)
2 - Nicolas Aube-Kubel (Her)
3 - Angelo Esposito (Her)
Power Play
Heat - 0 on 2 Attempt(s) - 0.00%
Bears - 0 on 3 Attempt(s) - 0.00%
Penalty Kill
Heat - 3 on 3 Attempt(s) - 100.00%
- Score 0 goal in Penalty Kill
Bears - 2 on 2 Attempt(s) - 100.00%
- Score 0 goal in Penalty Kill
Team Stat
Heat - Hits : 29 - Faceoff Wins : 31 - Blocked Shots : 7 - Penalty Minutes : 6
Bears - Hits : 15 - Faceoff Wins : 23 - Blocked Shots : 8 - Penalty Minutes : 4
Official
Referees : Chris Rooney and Tom Chmielewski
Linesman : David Brisebois and Mark Shewchyk
Game Notes
Brandon Hickey is injured at 0:49 of 2nd period (Sprained Left Ankle)
Vitek Vanecek enters game at 10:42 of 2nd period
Michael Hutchinson enters game at 3:46 of 3rd period
Finance
Level 1 -- Attendance: 1801 (90.05%) -- Ticket Income $63,035
Level 2 -- Attendance: 981 (98.10%) -- Ticket Income $14,715
Total Attendance: 2782 (92.73%)
Total Ticket Income: $77,750
Other Income: $3,888
Total Income: $81,638
Heat
5 vs 5 Forward
Center Left Wing Right Wing Time % Phy DF OF
1 Victor Rask Matthew Nieto Evgeny Svechnikov 40 1 2 2
2 Philip Varone Jesper Bratt Barclay Goodrow 30 1 2 2
3 Ryan Spooner Eric Karlsson Trevor Carrick 20 1 2 2
4 Nico Sturm Chris Brown Tage Thompson 10 1 2 2
5 vs 5 Defense
Defense Defense Time % Phy DF OF
1 Rasmus Andersson Frank Corrado 40 1 2 2
2 Erik Brannstrom Mathieu Brodeur 30 1 2 2
3 Brandon Hickey Dominik Masin 20 1 2 2
4 Rasmus Andersson Mathieu Brodeur 10 1 2 2
PowerPlay Forward
Center Left Wing Right Wing Time % Phy DF OF
1 Victor Rask Matthew Nieto Evgeny Svechnikov 60 1 2 2
2 Philip Varone Jesper Bratt Barclay Goodrow 40 1 2 2
PowerPlay Defense
Defense Defense Time % Phy DF OF
1 Rasmus Andersson Frank Corrado 60 1 2 2
2 Erik Brannstrom Mathieu Brodeur 40 1 2 2
Penalty Kill 4 Players Forward
Center Wing Time % Phy DF OF
1 Philip Varone Jesper Bratt 60 1 2 2
2 Nico Sturm Barclay Goodrow 40 1 2 2
Penalty Kill 4 Players Defense
Defense Defense Time % Phy DF OF
1 Rasmus Andersson Dominik Masin 60 1 2 2
2 Brandon Hickey Mathieu Brodeur 40 1 2 2
Penalty Kill - 3 Players Forward
Forward Time % Phy DF OF
1 Matthew Nieto 60 1 2 2
2 Philip Varone 40 1 2 2
Penalty Kill - 3 Players Defense
Defense Defense Time % Phy DF OF
1 Rasmus Andersson Frank Corrado 60 1 2 2
2 Brandon Hickey Mathieu Brodeur 40 1 2 2
4 vs 4 Forward
Center Wing Time % Phy DF OF
1 Victor Rask Matthew Nieto 60 1 2 2
2 Philip Varone Evgeny Svechnikov 40 1 2 2
4 vs 4 Defense
Defense Defense Time % Phy DF OF
1 Rasmus Andersson Frank Corrado 60 1 2 2
2 Erik Brannstrom Mathieu Brodeur 40 1 2 2
Last Minutes Offensive
Center Left Wing Right Wing Defense Defense
Victor Rask Matthew Nieto Evgeny Svechnikov Rasmus Andersson Frank Corrado
Last Minutes Defensive
Center Left Wing Right Wing Defense Defense
Philip Varone Matthew Nieto Evgeny Svechnikov Rasmus Andersson Frank Corrado
Goaltenders
Starting : Michael Hutchinson
Backup : Vitek Vanecek
Extra Forwards
Normal : Nico Sturm, Ryan Spooner, Evgeny Svechnikov - PP : Philip Varone, Chris Brown - PK : Barclay Goodrow
Extra Defensemen
Normal : Mathieu Brodeur, Erik Brannstrom, Brandon Hickey - PP : Erik Brannstrom - PK : Dominik Masin, Brandon Hickey
Penalty Shots
Evgeny Svechnikov, Matthew Nieto, Jesper Bratt, Victor Rask, Philip Varone
Scratches
Christian Jaros (Healthy), Skyler Brind'Amour (Healthy), John Gilmour (Healthy), Darren Raddysh (Healthy), Peter Cehlarik (Healthy)
Petteri Lindbohm (Healthy), Ryan Donato (Healthy), Ivan Chekhovich (Healthy), Vladislav Kamenev (Healthy), Taylor Raddysh (Healthy)
Radim Zohorna (Healthy), Collin Delia (Healthy)
Bears
5 vs 5 Forward
Center Left Wing Right Wing Time % Phy DF OF
1 Sam Carrick Kerby Rychel Max Friberg 40 0 0 5
2 Jean-Sebastien Dea A.J. Jenks Nicolas Aube-Kubel 30 0 0 5
3 Angelo Esposito Mike Hoffman Joshua Leivo 20 0 1 4
4 Vincent Dunn Jamie McGinn Austin Wuthrich 10 0 2 3
5 vs 5 Defense
Defense Defense Time % Phy DF OF
1 Joey Laleggia Mikko Vainonen 40 0 2 3
2 Tommy Vannelli Derek Forbort 30 0 3 2
3 Gianluca Curcuruto Michael Prapavessis 20 0 3 2
4 Joey Laleggia Mikko Vainonen 10 0 3 2
PowerPlay Forward
Center Left Wing Right Wing Time % Phy DF OF
1 Sam Carrick Kerby Rychel Max Friberg 60 0 0 5
2 Jean-Sebastien Dea A.J. Jenks Nicolas Aube-Kubel 40 0 0 5
PowerPlay Defense
Defense Defense Time % Phy DF OF
1 Joey Laleggia Mikko Vainonen 60 0 2 3
2 Tommy Vannelli Derek Forbort 40 0 2 3
Penalty Kill 4 Players Forward
Center Wing Time % Phy DF OF
1 Sam Carrick Max Friberg 60 0 4 1
2 Jean-Sebastien Dea Jamie McGinn 40 0 4 1
Penalty Kill 4 Players Defense
Defense Defense Time % Phy DF OF
1 Joey Laleggia Mikko Vainonen 60 0 4 1
2 Tommy Vannelli Derek Forbort 40 0 4 1
Penalty Kill - 3 Players Forward
Forward Time % Phy DF OF
1 Sam Carrick 60 0 5 0
2 Max Friberg 40 0 5 0
Penalty Kill - 3 Players Defense
Defense Defense Time % Phy DF OF
1 Joey Laleggia Mikko Vainonen 60 0 5 0
2 Tommy Vannelli Derek Forbort 40 0 5 0
4 vs 4 Forward
Center Wing Time % Phy DF OF
1 Sam Carrick Max Friberg 60 0 0 5
2 Jean-Sebastien Dea Kerby Rychel 40 0 0 5
4 vs 4 Defense
Defense Defense Time % Phy DF OF
1 Joey Laleggia Mikko Vainonen 60 0 2 3
2 Tommy Vannelli Derek Forbort 40 0 3 2
Last Minutes Offensive
Center Left Wing Right Wing Defense Defense
Sam Carrick Kerby Rychel Max Friberg Joey Laleggia Mikko Vainonen
Last Minutes Defensive
Center Left Wing Right Wing Defense Defense
Sam Carrick Jamie McGinn Max Friberg Joey Laleggia Mikko Vainonen
Goaltenders
Starting : Jake Allen
Backup : Sami Aittokallio
Extra Forwards
Normal : Max Friberg, Nicolas Aube-Kubel, Sam Carrick - PP : Max Friberg, Sam Carrick - PK : Max Friberg
Extra Defensemen
Normal : Gianluca Curcuruto, Michael Prapavessis, Tommy Vannelli - PP : Gianluca Curcuruto - PK : Michael Prapavessis, Tommy Vannelli
Penalty Shots
Joshua Leivo, Nicolas Aube-Kubel, Jean-Sebastien Dea, A.J. Jenks, Max Friberg
Scratches
Brett Bulmer (Healthy), Colby Cave (Healthy), Emil Johansson (Healthy), Jesper Pettersson (Healthy), David Farrance (Healthy)
Mackenze Stewart (Healthy), Zack Hayes (Healthy), Jacob Bryson (Healthy), Mario Ferraro (Healthy), Will Reilly (Healthy)
Kristians Rubins (Healthy), Nikolay Prokhorkin (Healthy), Ryan Graves (Healthy), Isaac Ratcliffe (Healthy), Cole Smith (Healthy)
Warren Foegele (Healthy), Logan O'Connor (Healthy), Nicholas Caamano (Healthy), Jakob Stenqvist (Healthy), Arvid Henrikson (Healthy)
Austin Czarnik (Back Spasms Injury), Kirill Maksimov (Healthy)
% Time on Ice - Heat
Lines # - Real PCT - Wanted PCT - Time Play
Normal Forward
1 - 35% - 40% - 18:23
2 - 26% - 30% - 13:21
3 - 22% - 20% - 11:25
4 - 17% - 10% - 8:50
Normal Defense
1 - 35% - 40% - 17:59
2 - 25% - 30% - 13:12
3 - 31% - 20% - 16:10
4 - 9% - 10% - 4:38
PP Forward
1 - 56% - 60% - 1:10
2 - 44% - 40% - 0:54
PP Defense
1 - 66% - 60% - 1:22
2 - 34% - 40% - 0:42
PK Forward
1 - 77% - 60% - 3:08
2 - 23% - 40% - 0:55
PK Defense
1 - 44% - 60% - 1:46
2 - 56% - 40% - 2:17
PK3 Forward
1 - 0% - 60%
2 - 0% - 40%
PK3 Defense
1 - 0% - 60%
2 - 0% - 40%
44 Forward
1 - 61% - 60% - 1:09
2 - 39% - 40% - 0:45
44 Defense
1 - 54% - 60% - 1:02
2 - 46% - 40% - 0:52
Last Minute Offensive - 0:00
Last Minute Defensive - 0:00
Total
Forward - 60:00
Defense - 60:00
|
% Time on Ice - Bears
Lines # - Real PCT - Wanted PCT - Time Play
Normal Forward
1 - 34% - 40% - 17:28
2 - 28% - 30% - 14:21
3 - 23% - 20% - 11:47
4 - 16% - 10% - 8:23
Normal Defense
1 - 37% - 40% - 19:00
2 - 33% - 30% - 17:15
3 - 26% - 20% - 13:20
4 - 5% - 10% - 2:24
PP Forward
1 - 57% - 60% - 2:18
2 - 43% - 40% - 1:45
PP Defense
1 - 68% - 60% - 2:45
2 - 32% - 40% - 1:18
PK Forward
1 - 73% - 60% - 1:30
2 - 27% - 40% - 0:34
PK Defense
1 - 63% - 60% - 1:18
2 - 37% - 40% - 0:46
PK3 Forward
1 - 0% - 60%
2 - 0% - 40%
PK3 Defense
1 - 0% - 60%
2 - 0% - 40%
44 Forward
1 - 61% - 60% - 1:10
2 - 39% - 40% - 0:44
44 Defense
1 - 61% - 60% - 1:09
2 - 39% - 40% - 0:45
Last Minute Offensive - 0:00
Last Minute Defensive - 0:00
Total
Forward - 60:00
Defense - 60:00
|
Play-by-Play
1st period
0:01 of 1st period - Sam Carrick wins face-off versus Victor Rask in neutral zone.
0:31 of 1st period - Mikko Vainonen is hit by Barclay Goodrow and loses puck.
0:45 of 1st period - Icing by Mathieu Brodeur.
0:46 of 1st period - Philip Varone wins face-off versus Angelo Esposito in Heat zone.
0:46 of 1st period - Philip Varone is hit by Tommy Vannelli.
0:51 of 1st period - Minor Penalty to Angelo Esposito for High sticking.
0:52 of 1st period - Sam Carrick wins face-off versus Victor Rask in Bears zone.
0:56 of 1st period - Minor Penalty to Evgeny Svechnikov for Hooking.
0:57 of 1st period - Sam Carrick wins face-off versus Victor Rask in Heat zone.
1:12 of 1st period - Mikko Vainonen is hit by Matthew Nieto and loses puck.
1:31 of 1st period - Wrist shot by Kerby Rychel.
1:31 of 1st period - Shot Blocked by Philip Varone.
1:33 of 1st period - Slapshot by Mikko Vainonen.
1:33 of 1st period - Shot Blocked by Rasmus Andersson.
1:35 of 1st period - Slapshot by Kerby Rychel.
1:35 of 1st period - Shot Misses the Net.
2:51 of 1st period - Penalty to Angelo Esposito is over, Angelo Esposito is back on ice.
2:56 of 1st period - Penalty to Evgeny Svechnikov is over, Evgeny Svechnikov is back on ice.
3:07 of 1st period - Icing by Philip Varone.
3:08 of 1st period - Philip Varone wins face-off versus Vincent Dunn in Heat zone.
3:39 of 1st period - Snap shot by Rasmus Andersson.
3:39 of 1st period - Shot Misses the Net.
3:41 of 1st period - Slapshot by Nico Sturm.
3:41 of 1st period - Stopped by Jake Allen without a rebound.
3:42 of 1st period - Jean-Sebastien Dea wins face-off versus Victor Rask in Bears zone.
3:49 of 1st period - Wrist shot by A.J. Jenks.
3:49 of 1st period - Stopped by Michael Hutchinson with a rebound.
3:51 of 1st period - Snap shot by Joey Laleggia.
3:51 of 1st period - Stopped by Michael Hutchinson with a rebound.
4:04 of 1st period - Icing by Dominik Masin.
4:05 of 1st period - Sam Carrick wins face-off versus Nico Sturm in Heat zone.
5:51 of 1st period - Snap shot by Barclay Goodrow.
5:51 of 1st period - Shot Misses the Net.
5:53 of 1st period - Slapshot by Barclay Goodrow.
5:53 of 1st period - Goal by Barclay Goodrow - Heat : 1 - Bears : 0.
5:54 of 1st period - Victor Rask wins face-off versus Sam Carrick in neutral zone.
5:58 of 1st period - Off-side.
5:59 of 1st period - Sam Carrick wins face-off versus Victor Rask in neutral zone.
6:09 of 1st period - Tommy Vannelli is hit by Frank Corrado and loses puck.
6:26 of 1st period - Ryan Spooner is hit by Derek Forbort and loses puck.
7:30 of 1st period - Mikko Vainonen is hit by Victor Rask and loses puck.
7:50 of 1st period - Off-side.
7:51 of 1st period - Sam Carrick wins face-off versus Ryan Spooner in neutral zone.
9:44 of 1st period - Derek Forbort is hit by Matthew Nieto and loses puck.
9:55 of 1st period - Snap shot by Evgeny Svechnikov.
9:55 of 1st period - Shot Blocked by Nicolas Aube-Kubel.
10:20 of 1st period - Wrist shot by Chris Brown.
10:20 of 1st period - Deflect By Tage Thompson.
10:20 of 1st period - Shot Misses the Net.
10:20 of 1st period - Puck is out of play.
10:21 of 1st period - Sam Carrick wins face-off versus Ryan Spooner in Bears zone.
10:46 of 1st period - A.J. Jenks is hit by Frank Corrado and loses puck.
11:07 of 1st period - Icing by Dominik Masin.
11:08 of 1st period - Barclay Goodrow wins face-off versus Mike Hoffman in Heat zone.
11:13 of 1st period - Snap shot by Barclay Goodrow.
11:13 of 1st period - Shot Blocked by Gianluca Curcuruto.
11:32 of 1st period - Off-side.
11:33 of 1st period - Victor Rask wins face-off versus Sam Carrick in neutral zone.
12:08 of 1st period - Snap shot by Jesper Bratt.
12:08 of 1st period - Stopped by Jake Allen with a rebound.
13:05 of 1st period - Snap shot by Jamie McGinn.
13:05 of 1st period - Stopped by Michael Hutchinson without a rebound.
13:06 of 1st period - Victor Rask wins face-off versus Vincent Dunn in Heat zone.
13:11 of 1st period - Slapshot by Matthew Nieto.
13:11 of 1st period - Stopped by Jake Allen with a rebound.
13:20 of 1st period - Icing by Mikko Vainonen.
13:21 of 1st period - Vincent Dunn wins face-off versus Philip Varone in Bears zone.
13:35 of 1st period - Off-side.
13:36 of 1st period - Victor Rask wins face-off versus Sam Carrick in neutral zone.
13:41 of 1st period - Snap shot by Victor Rask.
13:41 of 1st period - Stopped by Jake Allen with a rebound.
13:51 of 1st period - Snap shot by Max Friberg.
13:51 of 1st period - Shot Misses the Net.
14:04 of 1st period - Snap shot by Nicolas Aube-Kubel.
14:04 of 1st period - Goal by Nicolas Aube-Kubel - Heat : 1 - Bears : 1.
14:05 of 1st period - Sam Carrick wins face-off versus Victor Rask in neutral zone.
15:22 of 1st period - Backhand shot by Austin Wuthrich.
15:22 of 1st period - Shot Blocked by Dominik Masin.
15:34 of 1st period - Snap shot by Jamie McGinn.
15:34 of 1st period - Shot Blocked by Dominik Masin.
15:38 of 1st period - Snap shot by Kerby Rychel.
15:38 of 1st period - Shot Misses the Net.
15:44 of 1st period - Max Friberg is hit by Chris Brown and loses puck.
16:05 of 1st period - Snap shot by Rasmus Andersson.
16:05 of 1st period - Deflect By Ryan Spooner.
16:05 of 1st period - Shot Misses the Net.
16:05 of 1st period - Puck is out of play.
16:06 of 1st period - Evgeny Svechnikov wins face-off versus Sam Carrick in Bears zone.
16:38 of 1st period - Wrist shot by Barclay Goodrow.
16:38 of 1st period - Shot Misses the Net.
16:57 of 1st period - Tommy Vannelli is hit by Mathieu Brodeur and loses puck.
17:59 of 1st period - Icing by Joey Laleggia.
18:00 of 1st period - Philip Varone wins face-off versus Sam Carrick in Bears zone.
18:07 of 1st period - Snap shot by Philip Varone.
18:07 of 1st period - Stopped by Jake Allen without a rebound.
18:08 of 1st period - Victor Rask wins face-off versus Nicolas Aube-Kubel in Bears zone.
18:16 of 1st period - Icing by Jean-Sebastien Dea.
18:17 of 1st period - Victor Rask wins face-off versus Jean-Sebastien Dea in Bears zone.
18:20 of 1st period - Wrist shot by Victor Rask.
18:20 of 1st period - Stopped by Jake Allen with a rebound.
18:40 of 1st period - Snap shot by Victor Rask.
18:40 of 1st period - Shot Misses the Net.
18:42 of 1st period - Slapshot by Rasmus Andersson.
18:42 of 1st period - Shot Misses the Net.
18:44 of 1st period - Wrist shot by Victor Rask.
18:44 of 1st period - Stopped by Jake Allen with a rebound.
18:46 of 1st period - Slapshot by Rasmus Andersson.
18:46 of 1st period - Shot Misses the Net.
18:48 of 1st period - Wrist shot by Victor Rask.
18:48 of 1st period - Shot Misses the Net.
18:50 of 1st period - Snap shot by Matthew Nieto.
18:50 of 1st period - Shot Hit the Post.
18:52 of 1st period - Snap shot by Evgeny Svechnikov.
18:52 of 1st period - Stopped by Jake Allen with a rebound.
18:54 of 1st period - Wrist shot by Victor Rask.
18:54 of 1st period - Shot Misses the Net.
18:56 of 1st period - Slapshot by Evgeny Svechnikov.
18:56 of 1st period - Shot Misses the Net.
18:58 of 1st period - Wrist shot by Victor Rask.
18:58 of 1st period - Stopped by Jake Allen with a rebound.
19:00 of 1st period - Slapshot by Rasmus Andersson.
19:00 of 1st period - Stopped by Jake Allen without a rebound.
19:01 of 1st period - Philip Varone wins face-off versus Sam Carrick in Bears zone.
19:23 of 1st period - Icing by Barclay Goodrow.
19:24 of 1st period - Philip Varone wins face-off versus Angelo Esposito in Heat zone.
19:37 of 1st period - Snap shot by Trevor Carrick.
19:37 of 1st period - Shot Misses the Net.
19:39 of 1st period - Slapshot by Ryan Spooner.
19:39 of 1st period - Shot Misses the Net.
Goals for this period are 1 for Heat vs 1 for Bears.
Shots for this period are 11 for Heat vs 4 for Bears.
2nd period
0:01 of 2nd period - Sam Carrick wins face-off versus Victor Rask in neutral zone.
0:22 of 2nd period - Minor Penalty to Rasmus Andersson for Roughing.
0:23 of 2nd period - Philip Varone wins face-off versus Sam Carrick in Heat zone.
0:48 of 2nd period - Brandon Hickey is hit by A.J. Jenks.
0:49 of 2nd period - Brandon Hickey from Heat is injured at 0:49 of 2nd period (Sprained Left Ankle).
0:50 of 2nd period - Philip Varone wins face-off versus Sam Carrick in Heat zone.
2:22 of 2nd period - Penalty to Rasmus Andersson is over, Rasmus Andersson is back on ice.
3:01 of 2nd period - Jamie McGinn is hit by Nico Sturm and loses puck.
3:20 of 2nd period - Wrist shot by Ryan Spooner.
3:20 of 2nd period - Stopped by Jake Allen without a rebound.
3:21 of 2nd period - Ryan Spooner wins face-off versus Jean-Sebastien Dea in Bears zone.
3:56 of 2nd period - Wrist shot by Sam Carrick.
3:56 of 2nd period - Stopped by Michael Hutchinson with a rebound.
4:06 of 2nd period - Frank Corrado is hit by Tommy Vannelli and loses puck.
4:38 of 2nd period - Sam Carrick is hit by Evgeny Svechnikov and loses puck.
4:47 of 2nd period - Wrist shot by Matthew Nieto.
4:47 of 2nd period - Stopped by Jake Allen without a rebound.
4:48 of 2nd period - Philip Varone wins face-off versus Jean-Sebastien Dea in Bears zone.
4:55 of 2nd period - Snap shot by Nicolas Aube-Kubel.
4:55 of 2nd period - Stopped by Michael Hutchinson with a rebound.
4:57 of 2nd period - Slapshot by Jean-Sebastien Dea.
4:57 of 2nd period - Stopped by Michael Hutchinson with a rebound.
5:14 of 2nd period - Mikko Vainonen is hit by Dominik Masin and loses puck.
5:38 of 2nd period - Mike Hoffman is hit by Matthew Nieto and loses puck.
5:47 of 2nd period - Wrist shot by Matthew Nieto.
5:47 of 2nd period - Shot Blocked by Mikko Vainonen.
5:49 of 2nd period - Slapshot by Frank Corrado.
5:49 of 2nd period - Stopped by Jake Allen with a rebound.
5:51 of 2nd period - Wrist shot by Matthew Nieto.
5:51 of 2nd period - Goal by Matthew Nieto - Heat : 2 - Bears : 1.
5:52 of 2nd period - Sam Carrick wins face-off versus Barclay Goodrow in neutral zone.
6:18 of 2nd period - Sam Carrick is hit by Nico Sturm and loses puck.
6:31 of 2nd period - Wrist shot by Nico Sturm.
6:31 of 2nd period - Stopped by Jake Allen without a rebound.
6:32 of 2nd period - Victor Rask wins face-off versus Jean-Sebastien Dea in Bears zone.
6:33 of 2nd period - Snap shot by Matthew Nieto.
6:33 of 2nd period - Stopped by Jake Allen without a rebound.
6:34 of 2nd period - A.J. Jenks wins face-off versus Victor Rask in Bears zone.
7:10 of 2nd period - Mathieu Brodeur is hit by Mike Hoffman and loses puck.
7:33 of 2nd period - Snap shot by Austin Wuthrich.
7:33 of 2nd period - Stopped by Michael Hutchinson with a rebound.
7:35 of 2nd period - Wrist shot by Vincent Dunn.
7:35 of 2nd period - Shot Misses the Net.
7:47 of 2nd period - Snap shot by Kerby Rychel.
7:47 of 2nd period - Goal by Kerby Rychel - Heat : 2 - Bears : 2.
7:48 of 2nd period - Victor Rask wins face-off versus Sam Carrick in neutral zone.
8:03 of 2nd period - Snap shot by Victor Rask.
8:03 of 2nd period - Stopped by Jake Allen with a rebound.
8:19 of 2nd period - Wrist shot by Ryan Spooner.
8:19 of 2nd period - Shot Blocked by Joey Laleggia.
8:58 of 2nd period - Snap shot by Angelo Esposito.
8:58 of 2nd period - Stopped by Michael Hutchinson with a rebound.
9:00 of 2nd period - Slapshot by Derek Forbort.
9:00 of 2nd period - Stopped by Michael Hutchinson without a rebound.
9:01 of 2nd period - Angelo Esposito wins face-off versus Nico Sturm in Heat zone.
9:36 of 2nd period - Slapshot by Victor Rask.
9:36 of 2nd period - Stopped by Jake Allen with a rebound.
9:57 of 2nd period - Snap shot by Nicolas Aube-Kubel.
9:57 of 2nd period - Stopped by Michael Hutchinson with a rebound.
9:59 of 2nd period - Snap shot by Gianluca Curcuruto.
9:59 of 2nd period - Stopped by Michael Hutchinson without a rebound.
10:00 of 2nd period - Angelo Esposito wins face-off versus Victor Rask in Heat zone.
10:03 of 2nd period - Slapshot by Joshua Leivo.
10:03 of 2nd period - Goal by Joshua Leivo - Heat : 2 - Bears : 3.
10:04 of 2nd period - Victor Rask wins face-off versus Sam Carrick in neutral zone.
10:29 of 2nd period - Matthew Nieto is hit by Joey Laleggia and loses puck.
10:42 of 2nd period - Snap shot by Angelo Esposito.
10:42 of 2nd period - Goal by Angelo Esposito - Heat : 2 - Bears : 4.
10:42 of 2nd period - Vitek Vanecek enters game.
10:43 of 2nd period - Philip Varone wins face-off versus Sam Carrick in neutral zone.
10:48 of 2nd period - Slapshot by Mathieu Brodeur.
10:48 of 2nd period - Stopped by Jake Allen with a rebound.
10:54 of 2nd period - Jesper Bratt is hit by Sam Carrick.
11:12 of 2nd period - Slapshot by Nicolas Aube-Kubel.
11:12 of 2nd period - Shot Misses the Net.
11:14 of 2nd period - Slapshot by Joey Laleggia.
11:14 of 2nd period - Stopped by Vitek Vanecek with a rebound.
11:18 of 2nd period - Wrist shot by Nicolas Aube-Kubel.
11:18 of 2nd period - Stopped by Vitek Vanecek with a rebound.
11:20 of 2nd period - Snap shot by A.J. Jenks.
11:20 of 2nd period - Shot Misses the Net.
11:22 of 2nd period - Wrist shot by A.J. Jenks.
11:22 of 2nd period - Stopped by Vitek Vanecek with a rebound.
11:34 of 2nd period - Mike Hoffman is hit by Trevor Carrick and loses puck.
11:39 of 2nd period - Slapshot by Trevor Carrick.
11:39 of 2nd period - Shot Misses the Net.
12:50 of 2nd period - Jean-Sebastien Dea is hit by Trevor Carrick.
13:02 of 2nd period - Gianluca Curcuruto is hit by Barclay Goodrow and loses puck.
13:25 of 2nd period - Snap shot by Sam Carrick.
13:25 of 2nd period - Stopped by Vitek Vanecek with a rebound.
13:48 of 2nd period - Snap shot by A.J. Jenks.
13:48 of 2nd period - Goal by A.J. Jenks - Heat : 2 - Bears : 5.
13:49 of 2nd period - Philip Varone wins face-off versus Sam Carrick in neutral zone.
14:00 of 2nd period - Wrist shot by Jesper Bratt.
14:00 of 2nd period - Shot Blocked by Joey Laleggia.
14:14 of 2nd period - Mathieu Brodeur is hit by A.J. Jenks and loses puck.
14:33 of 2nd period - Joshua Leivo is hit by Eric Karlsson and loses puck.
14:48 of 2nd period - Icing by Mathieu Brodeur.
14:49 of 2nd period - Sam Carrick wins face-off versus Ryan Spooner in Heat zone.
14:54 of 2nd period - Wrist shot by Kerby Rychel.
14:54 of 2nd period - Stopped by Vitek Vanecek with a rebound.
15:24 of 2nd period - Minor Penalty to Joshua Leivo for Cross-checking.
15:25 of 2nd period - Sam Carrick wins face-off versus Victor Rask in Bears zone.
15:53 of 2nd period - Sam Carrick is hit by Philip Varone and loses puck.
16:18 of 2nd period - Derek Forbort is hit by Philip Varone and loses puck.
16:35 of 2nd period - Jamie McGinn is hit by Philip Varone and loses puck.
17:04 of 2nd period - Jesper Bratt is hit by Max Friberg and loses puck.
17:23 of 2nd period - Snap shot by Eric Karlsson.
17:23 of 2nd period - Shot Misses the Net.
17:24 of 2nd period - Penalty to Joshua Leivo is over, Joshua Leivo is back on ice.
17:29 of 2nd period - Chris Brown is hit by Jean-Sebastien Dea and loses puck.
18:01 of 2nd period - Icing by Mikko Vainonen.
18:02 of 2nd period - Nico Sturm wins face-off versus Angelo Esposito in Bears zone.
18:07 of 2nd period - Snap shot by Mathieu Brodeur.
18:07 of 2nd period - Stopped by Jake Allen with a rebound.
18:20 of 2nd period - Wrist shot by Nicolas Aube-Kubel.
18:20 of 2nd period - Deflect By Angelo Esposito.
18:20 of 2nd period - Goal by Angelo Esposito - Heat : 2 - Bears : 6.
18:21 of 2nd period - Victor Rask wins face-off versus Sam Carrick in neutral zone.
19:09 of 2nd period - Slapshot by Rasmus Andersson.
19:09 of 2nd period - Stopped by Jake Allen with a rebound.
19:15 of 2nd period - Nico Sturm is hit by Joshua Leivo and loses puck.
19:33 of 2nd period - Eric Karlsson is hit by Austin Wuthrich.
19:37 of 2nd period - Derek Forbort is hit by Eric Karlsson and loses puck.
19:55 of 2nd period - Icing by Erik Brannstrom.
19:56 of 2nd period - Victor Rask wins face-off versus Sam Carrick in Heat zone.
Goals for this period are 1 for Heat vs 5 for Bears.
Shots for this period are 11 for Heat vs 18 for Bears.
3rd period
0:01 of 3rd period - Victor Rask wins face-off versus Sam Carrick in neutral zone.
0:04 of 3rd period - Slapshot by Matthew Nieto.
0:04 of 3rd period - Stopped by Jake Allen without a rebound.
0:05 of 3rd period - Sam Carrick wins face-off versus Victor Rask in Bears zone.
0:51 of 3rd period - Icing by Ryan Spooner.
0:52 of 3rd period - Chris Brown wins face-off versus Jean-Sebastien Dea in Heat zone.
2:13 of 3rd period - Wrist shot by Max Friberg.
2:13 of 3rd period - Stopped by Vitek Vanecek with a rebound.
2:15 of 3rd period - Slapshot by Derek Forbort.
2:15 of 3rd period - Shot Misses the Net.
2:17 of 3rd period - Snap shot by Derek Forbort.
2:17 of 3rd period - Stopped by Vitek Vanecek with a rebound.
2:19 of 3rd period - Slapshot by Kerby Rychel.
2:19 of 3rd period - Stopped by Vitek Vanecek with a rebound.
2:21 of 3rd period - Snap shot by Kerby Rychel.
2:21 of 3rd period - Stopped by Vitek Vanecek with a rebound.
2:23 of 3rd period - Wrist shot by Sam Carrick.
2:23 of 3rd period - Stopped by Vitek Vanecek with a rebound.
2:25 of 3rd period - Slapshot by Derek Forbort.
2:25 of 3rd period - Stopped by Vitek Vanecek with a rebound.
2:27 of 3rd period - Slapshot by Derek Forbort.
2:27 of 3rd period - Shot Blocked by Ryan Spooner.
2:31 of 3rd period - Backhand shot by Max Friberg.
2:31 of 3rd period - Stopped by Vitek Vanecek with a rebound.
2:51 of 3rd period - Snap shot by Kerby Rychel.
2:51 of 3rd period - Stopped by Vitek Vanecek with a rebound.
2:53 of 3rd period - Slapshot by Sam Carrick.
2:53 of 3rd period - Shot Blocked by Frank Corrado.
2:55 of 3rd period - Snap shot by Sam Carrick.
2:55 of 3rd period - Goal by Sam Carrick - Heat : 2 - Bears : 7.
2:56 of 3rd period - Jean-Sebastien Dea wins face-off versus Philip Varone in neutral zone.
3:21 of 3rd period - Joey Laleggia is hit by Victor Rask and loses puck.
3:42 of 3rd period - Austin Wuthrich is hit by Frank Corrado.
3:46 of 3rd period - Wrist shot by Austin Wuthrich.
3:46 of 3rd period - Goal by Austin Wuthrich - Heat : 2 - Bears : 8.
3:46 of 3rd period - Michael Hutchinson enters game.
3:47 of 3rd period - Philip Varone wins face-off versus Jean-Sebastien Dea in neutral zone.
4:14 of 3rd period - Mathieu Brodeur is hit by Angelo Esposito and loses puck.
4:39 of 3rd period - Joey Laleggia is hit by Eric Karlsson and loses puck.
4:44 of 3rd period - Wrist shot by Trevor Carrick.
4:44 of 3rd period - Shot Misses the Net.
4:56 of 3rd period - Snap shot by Philip Varone.
4:56 of 3rd period - Shot Blocked by Jamie McGinn.
4:58 of 3rd period - Slapshot by Barclay Goodrow.
4:58 of 3rd period - Shot Misses the Net.
5:12 of 3rd period - Slapshot by Erik Brannstrom.
5:12 of 3rd period - Shot Misses the Net.
5:14 of 3rd period - Snap shot by Nico Sturm.
5:14 of 3rd period - Shot Misses the Net.
5:34 of 3rd period - Wrist shot by Mike Hoffman.
5:34 of 3rd period - Stopped by Michael Hutchinson with a rebound.
5:36 of 3rd period - Slapshot by Michael Prapavessis.
5:36 of 3rd period - Stopped by Michael Hutchinson with a rebound.
5:40 of 3rd period - Snap shot by Joshua Leivo.
5:40 of 3rd period - Stopped by Michael Hutchinson without a rebound.
5:41 of 3rd period - Victor Rask wins face-off versus Sam Carrick in Heat zone.
5:41 of 3rd period - Victor Rask is hit by Kerby Rychel.
5:49 of 3rd period - Snap shot by Matthew Nieto.
5:49 of 3rd period - Shot Misses the Net.
5:57 of 3rd period - Snap shot by Matthew Nieto.
5:57 of 3rd period - Deflect By Max Friberg.
5:57 of 3rd period - Shot Blocked by Gianluca Curcuruto.
5:57 of 3rd period - Puck is out of play.
5:58 of 3rd period - Philip Varone wins face-off versus Jean-Sebastien Dea in Bears zone.
7:10 of 3rd period - Vincent Dunn is hit by Evgeny Svechnikov and loses puck.
7:31 of 3rd period - Snap shot by Nicolas Aube-Kubel.
7:31 of 3rd period - Stopped by Michael Hutchinson with a rebound.
8:06 of 3rd period - Icing by Joshua Leivo.
8:07 of 3rd period - Sam Carrick wins face-off versus Victor Rask in Bears zone.
9:59 of 3rd period - Dominik Masin is hit by Jean-Sebastien Dea and loses puck.
10:20 of 3rd period - Wrist shot by Vincent Dunn.
10:20 of 3rd period - Stopped by Michael Hutchinson without a rebound.
10:21 of 3rd period - Vincent Dunn wins face-off versus Victor Rask in Heat zone.
10:26 of 3rd period - Snap shot by Jamie McGinn.
10:26 of 3rd period - Stopped by Michael Hutchinson with a rebound.
10:40 of 3rd period - Minor Penalty to Evgeny Svechnikov for Slashing.
10:41 of 3rd period - Sam Carrick wins face-off versus Philip Varone in Heat zone.
12:40 of 3rd period - Penalty to Evgeny Svechnikov is over, Evgeny Svechnikov is back on ice.
13:00 of 3rd period - Slapshot by Matthew Nieto.
13:00 of 3rd period - Shot Blocked by Michael Prapavessis.
13:02 of 3rd period - Snap shot by Matthew Nieto.
13:02 of 3rd period - Shot Misses the Net.
14:07 of 3rd period - Tommy Vannelli is hit by Barclay Goodrow.
14:30 of 3rd period - Jean-Sebastien Dea is hit by Chris Brown and loses puck.
14:43 of 3rd period - Joey Laleggia is hit by Barclay Goodrow and loses puck.
14:54 of 3rd period - Wrist shot by Nicolas Aube-Kubel.
14:54 of 3rd period - Shot Blocked by Ryan Spooner.
14:56 of 3rd period - Wrist shot by Jean-Sebastien Dea.
14:56 of 3rd period - Shot Hit the Post.
14:58 of 3rd period - Slapshot by Gianluca Curcuruto.
14:58 of 3rd period - Stopped by Michael Hutchinson with a rebound.
15:12 of 3rd period - Snap shot by A.J. Jenks.
15:12 of 3rd period - Deflect By Nicolas Aube-Kubel.
15:12 of 3rd period - Shot Misses the Net.
15:12 of 3rd period - Puck is out of play.
15:13 of 3rd period - Sam Carrick wins face-off versus Victor Rask in Heat zone.
16:07 of 3rd period - Wrist shot by Philip Varone.
16:07 of 3rd period - Shot Misses the Net.
16:21 of 3rd period - Slapshot by Kerby Rychel.
16:21 of 3rd period - Stopped by Michael Hutchinson with a rebound.
16:46 of 3rd period - Slapshot by Angelo Esposito.
16:46 of 3rd period - Shot Misses the Net.
17:09 of 3rd period - Tommy Vannelli is hit by Barclay Goodrow and loses puck.
17:32 of 3rd period - Slapshot by Kerby Rychel.
17:32 of 3rd period - Goal by Kerby Rychel - Heat : 2 - Bears : 9.
17:33 of 3rd period - Evgeny Svechnikov wins face-off versus Sam Carrick in neutral zone.
17:48 of 3rd period - Wrist shot by Matthew Nieto.
17:48 of 3rd period - Stopped by Jake Allen with a rebound.
Goals for this period are 0 for Heat vs 3 for Bears.
Shots for this period are 2 for Heat vs 19 for Bears.